 Dungeon Crawl Stone Soup version 0.27-a0-1200-g94dc6ad4cf (webtiles) character file.

Game seed: 15629232969093629389

90 polve the Cutter (level 4, -2/35 HPs)
             Began as a Demonspawn Abyssal Knight on May 30, 2021.
             Was a Believer of Lugonu.
             Slain by an adder (3 damage)
             ... on level 2 of the Dungeon.
             The game lasted 00:03:49 (2368 turns).

polve the Cutter (Demonspawn Abyssal Knight)        Turns: 2368, Time: 00:03:49

Health: -2/35      AC:  4    Str: 12    XL:     4   Next: 32%
Magic:  5/5        EV: 15    Int: 12    God:    Lugonu [**....]
Gold:   87         SH:  0    Dex: 15    Spells: 3/3 levels left

rFire    . . .     SeeInvis .   a - +1 short sword
rCold    . . .     Faith    .   (no shield)
rNeg     . . .     Spirit   .   b - +0 leather armour
rPois    .         Reflect  .   (no helmet)
rElec    .         Harm     .   (no cloak)
rCorr    .         Rampage  .   (no gloves)
Will     .....                  k - +0 pair of boots
Stlth    +.........             (no amulet)
HPRegen  0.00/turn              f - +4 ring of evasion
MPRegen  0.18/turn              (no ring)

@: no status effects
A: magic regeneration, agile 1, dopey 1, inhibited regeneration
a: Renounce Religion, Depart the Abyss, Bend Space


You were on level 2 of the Dungeon.
You worshipped Lugonu.
Lugonu was pleased with you.
You visited 1 branch of the dungeon, and saw 2 of its levels.
You visited the Abyss 1 time.

You collected 87 gold pieces.

Inventory:

Hand Weapons
 a - a +1 short sword (weapon)
Armour
 b - a +0 leather armour (worn)
 g - a +0 helmet
 k - a +0 pair of boots (worn)
Jewellery
 f - a +4 ring of evasion (left hand)
 i - a +6 ring of intelligence
Scrolls
 c - 4 scrolls of teleportation {unknown}
 d - a scroll of enchant weapon {unknown}
 e - 2 scrolls of identify {unknown}
 j - a scroll of torment {unknown}
 l - a scroll of silence {unknown}
 m - a scroll of summoning {unknown}
Potions
 h - a potion of curing
 n - a potion of heal wounds {unknown}


   Skills:
 - Level 3.0 Fighting
 - Level 4.0 Short Blades
 + Level 2.0 Armour
 + Level 1.2 Dodging
 - Level 2.4 Invocations


You had 3 spell levels left.
You didn't know any spells.
Your spell library contained the following spells:

 Spells                   Type           Power      Damage    Failure   Level
 Magic Dart               Conj           0%         1d3       38%         1
 Blink                    Tloc           N/A        N/A       54%         2
 Call Imp                 Summ           0%         N/A       54%         2
 Slow                     Hex            0%         N/A       54%         2
 Conjure Flame            Conj/Fire      0%         6-21      77%         3
 Mephitic Cloud           Conj/Pois/Air  0%         N/A       77%         3


Dungeon Overview and Level Annotations

Branches:
Dungeon (2/15)

Altars:


Innate Abilities, Weirdness & Mutations

You regenerate magic rapidly.
You are agile. (Dex +2)
You are dopey. (Int -2)
You do not regenerate when monsters are visible.


Message History

There are no items here.
There are no items here.
There are no items here.
There are no items here.
There are no items here.
There are no items here.
There are no items here.
There are no items here.
There are no items here.
You feel sick. The adder bites you but does no damage.
You feel sick. The adder bites you but does no damage. The adder misses you.
The worm barely misses you.
You feel sick. The adder bites you.
You feel sick. The adder bites you but does no damage.
The worm barely misses you.
You feel sick. The adder bites you.
You are more poisoned.
The adder poisons you! The adder misses you. The worm misses you.
You feel sick. The adder barely misses you.
You feel sick. The adder misses you. The worm closely misses you.
You feel sick. The adder bites you. The adder closely misses you.
You feel sick. The worm barely misses you. The adder barely misses you.
You feel sick. The adder misses you. The worm closely misses you.
You feel sick.
You are no longer poisoned.
The adder bites you.
* * * LOW HITPOINT WARNING * * *
The adder barely misses you. x2; The worm barely misses you.
The adder closely misses you. The adder misses you. The worm barely misses you.
The adder barely misses you. The adder closely misses you. The worm misses you.
The adder completely misses you. The adder closely misses you.
The worm bites you.
* * * LOW HITPOINT WARNING * * *
The adder closely misses you. The adder barely misses you. The worm misses you.
The adder bites you.
* * * LOW HITPOINT WARNING * * *
The adder completely misses you. The worm barely misses you.
The adder bites you.
You die...

##########
.........###########
#.................#
#....S.................
#....w@................
......#.................
..... #.....###.........
......#.....###.......#
... ..........#^......#
.. ..................##
. ##......†.......†...
#...........####...
#...........# #....


You could see a worm and an adder.

Vanquished Creatures
  Robin (D:2)
  An adder (D:2)
  2 worms
  A dart slug (D:1)
  3 endoplasms (D:1)
  8 giant cockroaches (D:1)
  16 goblins
  4 hobgoblins
  2 jackals (D:1)
  3 ball pythons
  5 bats
  2 frilled lizards (D:1)
  5 kobolds
  6 rats
59 creatures vanquished.

Notes
Turn   | Place    | Note
-------+----------+-------------------------------------------
     0 | Abyss:1  | polve the Demonspawn Abyssal Knight began the quest for the
                  | Orb.
     0 | Abyss:1  | Reached XP level 1. HP: 18/18 MP: 2/2
   107 | Abyss:2  | Noticed a thrashing horror
   108 | D:1      | Escaped the Abyss
   138 | D:1      | Reached skill level 2 in Short Blades
   142 | D:1      | Reached * piety under Lugonu
   378 | D:1      | Gained mutation: You regenerate magic rapidly. [demonic
                  | ancestry]
   378 | D:1      | Reached XP level 2. HP: 24/24 MP: 3/3
   758 | D:1      | Reached skill level 3 in Short Blades
   829 | D:1      | Reached XP level 3. HP: 17/29 MP: 4/4
  1010 | D:1      | Reached ** piety under Lugonu
  1259 | D:2      | Noticed Robin
  1919 | D:2      | Reached skill level 4 in Short Blades
  1919 | D:2      | Reached skill level 1 in Dodging
  1919 | D:2      | Reached XP level 4. HP: 13/35 MP: 5/5
  1933 | D:2      | Gained mutation: You do not regenerate when monsters are
                  | visible. [potion of mutation]
  1933 | D:2      | Gained mutation: You are dopey. (Int -2) [potion of
                  | mutation]
  1933 | D:2      | Gained mutation: You are agile. (Dex +2) [potion of
                  | mutation]
  1949 | D:2      | Killed Robin
  2239 | D:2      | Found a faded altar of an unknown god.
  2366 | D:2      | HP: 1/35 [adder (4)]
  2368 | D:2      | Slain by an adder

Illustrated notes

Levels and vault maps discovered:
D:1:      wander_arrival_chamber, layout_rooms, minmay_worlds_worst_comb
D:2:      layout_basic, hellmonk_ecumenical_altar_run_dry, st_stairs_2,
          grunt_ministairs_6, uniq_robin

Skill      XL: |  1  2  3  4 |
---------------+-------------+-----
Short Blades   | 2 3 4 |  4.0
Dodging        | 1 |  1.2
Armour         | 2 |  2.0
Fighting       | |  3.0
Invocations    | |  2.4

Action                   |  1- 3 |  4- 6 || total
-------------------------+-------+-------++-------
Melee: Short sword       |   197 |    36 ||   233
Invok: Depart the Abyss  |     1 |       ||     1
  Use: Potion            |       |     4 ||     4
Armor: Leather armour    |    51 |     8 ||    59
Dodge: Dodged            |   167 |    44 ||   211

Table legend: (Time is in decaauts)
 A = Elapsed time spent in this place.
 B = Non-inter-level travel time spent in this place.
 C = Inter-level travel time spent in this place.
 D = Time resting spent in this place.
 E = Time spent auto-exploring this place.
 F = Levels seen in this place.
 G = Mean time per level.
                   A        B        C        D        E       F      G
               +--------+--------+--------+--------+--------+-----+--------+
         Total |   2341 |   2294 |     47 |      0 |   1807 |   4 |  585.2 |
       Dungeon |   2231 |   2184 |     47 |      0 |   1706 |   2 | 1115.5 |
         Abyss |    109 |    109 |      0 |      0 |    100 |   2 |   54.5 |
               +--------+--------+--------+--------+--------+-----+--------+

Top non-repeatable levels by time:
     D:1: 1390 daAuts
     D:2: 840 daAuts
 Abyss:1: 55 daAuts
 Abyss:2: 53 daAuts
